 Seeded DCSS version 0.29-a0-359-g541a27f54d (webtiles) character file.

Game seed: 2364543799250634364 (custom seed)

50 zeratav the Shooter (level 3, 21/21 HPs)
             Began as a Tengu Hunter on Apr 27, 2022.
             Quit the game on level 2 of the Dungeon.
             The game lasted 00:02:20 (1544 turns).

zeratav the Shooter (Tengu Hunter)                  Turns: 1544, Time: 00:02:21

Health: 21/21      AC:  3    Str: 17    XL:     3   Next: 79%
Magic:  4/4        EV: 12    Int:  9    God:
Gold:   86         SH:  0    Dex: 19    Spells: 2/2 levels left

rFire   . . .      SeeInvis .   a - +1 shortbow {bow}
rCold   . . .      Faith    .   (shield currently unavailable)
rNeg    . . .      Spirit   .   b - +0 leather armour
rPois   .          Reflect  .   (helmet restricted)
rElec   .          Harm     .   (no cloak)
rCorr   .          Rampage  .   (no gloves)
Will    .....                   (boots unavailable)
Stlth   ++........              (no amulet)
HPRegen 0.07/turn               h - +6 ring of strength
MPRegen 0.09/turn               (no ring)

@: no status effects
A: beak, talons 3
a: no special abilities


You were on level 2 of the Dungeon.
You visited 1 branch of the dungeon, and saw 2 of its levels.

You collected 86 gold pieces.


Innate Abilities, Weirdness & Mutations

You have a beak for a mouth.
You have claws for feet.


   Skills:
 - Level 2.0 Fighting
 + Level 5.9 Bows
 - Level 2.1 Dodging
 - Level 1.0 Stealth


You had 2 spell levels left.
You didn't know any spells.
Your spell library was empty.

Inventory:

Hand Weapons
 a - a +1 shortbow (weapon) {bow}
 d - a +0 dagger of flaming {short}
   (You took it off a kobold on level 1 of the Dungeon)
 m - a +1 dagger of venom {short}
   (You took it off a goblin on level 2 of the Dungeon)
 q - a +0 longbow {bow}
   (You found it on level 2 of the Dungeon)
Armour
 b - a +0 leather armour (worn)
 g - a +0 chain mail
   (You found it on level 1 of the Dungeon)
Jewellery
 h - a +6 ring of strength (left hand)
   (You found it on level 2 of the Dungeon)
 j - a ring of wizardry
   (You found it on level 1 of the Dungeon)
 r - an amulet of the acrobat
   (You took it off a goblin on level 2 of the Dungeon)
Scrolls
 c - 2 scrolls of immolation {!r!r}
 e - a scroll of vulnerability {!r!r}
 f - a scroll of fear
 i - a scroll of acquirement
 l - a scroll of enchant weapon {unknown}
 s - 2 scrolls of identify {@r1}
Potions
 k - 2 potions of curing {unknown}
 n - a potion of brilliance {unknown}
 o - a potion of ambrosia {unknown}
 p - a potion of haste {unknown}
 t - a potion of invisibility {unknown}

Dungeon Overview and Level Annotations

Branches:
Dungeon (2/15)

Altars:
Wu Jian

♣............#..##.....#...#
....♣♣.................#####
♣♣♣♣..................<#
...♣.♣♣♣....#..........#
.♣♣..♣♣♣.####..........#
.♣♣♣.♣..## #..........#
♣.♣♣♣♣♣♣.# #..........#
.♣..♣.♣.#####..........#
_♣♣♣♣♣..........@......#
♣♣.♣ ♣...###############
♣♣.♣♣♣..## ........#
........# #########


There were no monsters in sight!


Message History

No target in view!
No target in view!
No target in view!
No target in view!
You shoot an arrow. The arrow hits the worm.
You shoot an arrow. The arrow hits the worm.
The worm bites you.
HP[-6]
You take 6 damage, and now have 15/21 hp.
MASSIVE DAMAGE!! (PAUSE)
You are too injured to fight recklessly!
You are too injured to fight recklessly!
You are too injured to fight recklessly!
You are too injured to fight recklessly!
You are too injured to fight recklessly!
You are too injured to fight recklessly!
You are too injured to fight recklessly!
You are too injured to fight recklessly!
You are too injured to fight recklessly!
Shoot: a) +1 shortbow {bow}
Press: ? - help, Q - select action Shift-Dir - straight line, f/p - worm
Aim: a worm (moderately wounded, 81% to hit)
You shoot an arrow. The arrow hits the worm!
HP[+1] Shoot: a) +1 shortbow {bow}
Press: ? - help, Q - select action Shift-Dir - straight line, f/p - worm
Aim: a worm (severely wounded, 81% to hit)
You shoot an arrow. The arrow hits the worm.
The worm bites you!
* * * LOW HITPOINT WARNING * * *
Shoot: a) +1 shortbow {bow}
Press: ? - help, Q - select action Shift-Dir - straight line, f/p - worm
Aim: a worm (severely wounded, 81% to hit)
You shoot an arrow. The arrow hits the worm!
You kill the worm!
Shoot: a) +1 shortbow {bow}
Press: ? - help, Q - select action Shift-Dir - straight line, f - you That would be overly suicidal.
Okay, then.
HP[-9]
You take 9 damage, and now have 7/21 hp.
MASSIVE DAMAGE!! (PAUSE) Shoot: a) +1 shortbow {bow}
Press: ? - help, Q - select action Shift-Dir - straight line, f - you That would be overly suicidal.
Okay, then.
Shoot: a) +1 shortbow {bow}
Press: ? - help, Q - select action Shift-Dir - straight line, f - you That would be overly suicidal.
Okay, then.
Shoot: a) +1 shortbow {bow}
Press: ? - help, Q - select action Shift-Dir - straight line, f - you That would be overly suicidal.
Okay, then.
Shoot: a) +1 shortbow {bow}
Press: ? - help, Q - select action Shift-Dir - straight line, f - you That would be overly suicidal.
Okay, then.
Unknown command.
You see here a worm corpse.
r - an amulet of the acrobat;
s - a scroll of identify {@r1}
Things that are here:
a staff of fire {staff}; a goblin corpse HP[+14]
Your hp is fully restored (21).
You see here a worm corpse.
Things that are here:
a staff of fire {staff}; a goblin skeleton
Found an ornate altar of the Wu Jian Council.
An endoplasm comes into view.
An endoplasm is nearby!
You shoot an arrow. The endoplasm quivers.
The arrow hits the endoplasm.
You shoot an arrow. The arrow hits the endoplasm.
You kill the endoplasm!
No target in view!
No target in view!
You see here a staff of conjuration {@e2staff}.
s - 2 scrolls of identify {@r1} (gained 1)
t - an emerald potion
Found a faded altar of an unknown god.
There is a faded altar of an unknown god here.
A kobold comes into view. It is wielding a +0 whip.
You shoot an arrow.
The arrow hits the kobold but does no damage.
The kobold shouts!
You shoot an arrow. The arrow hits the kobold.
You kill the kobold!
No target in view!
No target in view!
No target in view!
No target in view!
No target in view!
No target in view!
No target in view!
No target in view!
No target in view!
Done exploring.
Done exploring.
Are you sure you want to abandon this character and quit the game? (Confirm with "yes".)

Skill      XL: |  1  2 |
---------------+-------+-----
Bows           | 5 |  5.9
Fighting       | |  2.0
Dodging        | |  2.1
Stealth        | |  1.0

Action                   || total
-------------------------++-------
 Fire: Shortbow          ||    82
  Use: Scroll            ||     3
Armor: Leather armour    ||     1
Dodge: Dodged            ||     9

Levels and vault maps discovered:
D:1:      lemuel_arrival_hallway, layout_loops_ring,
          corexii_item_surrounded_by_moat
D:2:      layout_basic, basic_altar, chequers_ecumenical_altar_grove

Notes
Turn   | Place    | Note
-------+----------+-------------------------------------------
     0 | D:1      | zeratav the Tengu Hunter began the quest for the Orb.
     0 | D:1      | Reached XP level 1. HP: 12/12 MP: 2/2
     0 | D:1      | magus.rc [v1.9.6]
   110 | D:1      | Reached XP level 2. HP: 17/17 MP: 3/3
   161 | D:1      | Reached skill level 5 in Bows
   307 | D:1      | Reached XP level 3. HP: 21/21 MP: 4/4
  1063 | D:2      | Identified a scroll of acquirement
  1425 | D:2      | Found an ornate altar of the Wu Jian Council.
  1495 | D:2      | Found a faded altar of an unknown god.
  1544 | D:2      | Quit the game

Vanquished Creatures
  A worm (D:2)
  A dart slug (D:1)
  6 endoplasms
  2 giant cockroaches (D:1)
  5 goblins
  3 hobgoblins
  3 jackals (D:1)
  4 ball pythons
  4 bats
  2 frilled lizards (D:1)
  5 kobolds
  3 rats
39 creatures vanquished.

Table legend:
 A = Non-vault XP
 B = Vault XP
 C = Vault XP percentage of total XP
 D = Non-vault monster count
 E = Vault monster count
 F = Vault count percentage of total count
                 A         B        C        D         E       F
            +---------+---------+-------+---------+---------+-------
      Total |      72 |       0 |   0.0 |      39 |       0 |   0.0
            +---------+---------+-------+---------+---------+-------
        D:1 |      39 |       0 |   0.0 |      23 |       0 |   0.0
        D:2 |      33 |       0 |   0.0 |      16 |       0 |   0.0
            +---------+---------+-------+---------+---------+-------

Illustrated notes

Table legend:
 A = Kills in this place as a percentage of kills in entire the game.
 B = Kills by you in this place as a percentage of kills by you in the entire game.
 C = Kills by friends in this place as a percentage of kills by friends in the entire game.
 D = Other kills in this place as a percentage of other kills in the entire game.
 E = Experience gained in this place as a percentage of experience gained in the entire game.
 F = Experience gained in this place divided by the number of levels of this place that you have seen.
                   A       B       C       D       E      F
               +-------+-------+-------+-------+-------+----------------------
         Total | 100.0 | 100.0 |   N/A |   N/A | 100.0 |  36.0
       Dungeon | 100.0 | 100.0 |   N/A |   N/A | 100.0 |  36.0
               +-------+-------+-------+-------+-------+----------------------

Table legend: (Time is in decaauts)
 A = Elapsed time spent in this place.
 B = Non-inter-level travel time spent in this place.
 C = Inter-level travel time spent in this place.
 D = Time resting spent in this place.
 E = Time spent auto-exploring this place.
 F = Levels seen in this place.
 G = Mean time per level.
                   A        B        C        D        E       F      G
               +--------+--------+--------+--------+--------+-----+--------+
         Total |   1565 |   1545 |     20 |      0 |   1350 |   2 |  782.5 |
       Dungeon |   1565 |   1545 |     20 |      0 |   1350 |   2 |  782.5 |
               +--------+--------+--------+--------+--------+-----+--------+

Top non-repeatable levels by time:
     D:2: 984 daAuts
     D:1: 581 daAuts
